 Dungeon Crawl Stone Soup version 0.31-a0-210-gccc998df9b (webtiles) character file.

Game seed: 12114694987034203424

8454 vineage the Fighter (level 11, -11/93 HPs)
             Began as a Merfolk Fighter on June 30, 2023.
             Was a Priest of Okawaru.
             Mangled by a two-headed ogre
             ... wielding a +0 dire flail
              (12 damage)
             ... on level 10 of the Dungeon.
             The game lasted 00:12:03 (11094 turns).

vineage the Fighter (Merfolk Fighter)              Turns: 11094, Time: 00:12:04

Health: -11/93     AC: 21    Str: 26    XL:     11   Next: 31%
Magic:  11/13      EV: 12    Int:  9    God:    Okawaru [***...]
Gold:   376        SH:  7    Dex: 13    Spells: 10/10 levels left

rFire   . . .        b - +5 trident
rCold   . . .        c - +0 buckler
rNeg    . . .        h - +0 plate armour
rPois   .            E - +0 helmet
rElec   .            j - +2 cloak {rCorr}
rCorr   +            y - +0 pair of gloves
SInv    .            (no boots)
Will    +....        (no amulet) Stlth
                     d - ring of willpower
HPRegen 0.35/turn    u - +6 ring of strength
MPRegen 0.13/turn

%: no passive effects
@: heroic
A: (nimble swimmer 2), mertail
a: Renounce Religion, Heroism


You were on level 10 of the Dungeon.
You worshipped Okawaru.
Okawaru was most pleased with you.
You visited 2 branches of the dungeon, and saw 11 of its levels.

You collected 376 gold pieces.

Inventory:

Hand Weapons
 a - a +0 trident
 b - a +5 trident (weapon)
Armour
 c - a +0 buckler (worn)
 h - a +0 plate armour (worn)
 j - a +2 cloak of preservation (worn)
 y - a +0 pair of gloves (worn)
 E - a +0 helmet (worn)
Jewellery
 d - a ring of willpower (left hand)
 f - an amulet of guardian spirit
 u - a +6 ring of strength (right hand)
Wands
 t - a wand of polymorph (2)
 v - a wand of paralysis (16)
 B - a wand of mindburst (12)
Scrolls
 e - a scroll of amnesia
 i - a scroll of enchant weapon {unknown}
 m - a scroll of immolation
 q - a scroll of blinking
 r - a scroll of vulnerability
 w - a scroll of teleportation
 A - 3 scrolls of identify
 D - a scroll of revelation
Potions
 g - a potion of lignification {unknown}
 k - 2 potions of enlightenment {unknown}
 l - a potion of degeneration {unknown}
 n - a potion of cancellation {unknown}
 o - a potion of berserk rage {unknown}
 p - a potion of attraction {unknown}
 s - 2 potions of brilliance
 x - 2 potions of mutation {unknown}
 z - 2 potions of haste {unknown}
 C - a potion of curing


   Skills:
 * Level 11.3(16.3) Fighting
 + Level 9.5(14.5) Polearms
 + Level 5.7(10.7) Armour
 + Level 8.8(13.8) Dodging
 + Level 7.4(12.4) Shields
 * Level 3.7 Invocations


You had 10 spell levels left.
You didn't know any spells.
Your spell library contained the following spells:

 Spells                   Type           Power      Damage    Failure   Level
 Apportation              Tloc           0%         N/A       99%         1
 Sandblast                Erth           0%         2d4       99%         1
 Static Discharge         Conj/Air       0%         2-2/arc   99%         2
 Dazzling Flash           Conj/Hex       0%         N/A       100%        3
 Mephitic Cloud           Conj/Pois/Air  0%         N/A       100%        3
 Portal Projectile        Hex/Tloc       0%         N/A       100%        3
 Stone Arrow              Conj/Erth      0%         3d7       100%        3
 Volatile Blastmotes      Fire/Tloc      0%         2d10      100%        3
 Airstrike                Air            0%         2d(0-16)  100%        4
 Iskenderun's Mystic Bla  Conj/Tloc      0%         2d3       100%        4
 Passage of Golubria      Tloc           0%         N/A       100%        4
 Alistair's Intoxication  Tmut/Pois      0%         N/A       100%        5
 Starburst                Conj/Fire      0%         6d3       100%        6
 Statue Form              Tmut/Erth      0%         N/A       100%        6
 Storm Form               Tmut/Air       0%         N/A       100%        7
 Lehudib's Crystal Spear  Conj/Erth      0%         10d2      100%        8
 Animate Armour           Summ/Erth      Unusable   N/A       N/A         4
 Summon Lightning Spire   Summ/Air       Unusable   N/A       N/A         4

Dungeon Overview and Level Annotations

Branches:
Dungeon (10/15)            Temple (1/1) D:7
   Lair: D:8-11         Orc: D:9-12

Altars:
Ashenzari
Cheibriados
Dithmenos
Elyvilon
Fedhas
Gozag
Hepliaklqana
Kikubaaqudgha
Makhleb
Nemelex Xobeh
Okawaru
Qazlal
Ru
Sif Muna
Trog
Uskayaw
Vehumet
Wu Jian
Xom
Yredelemnul
The Shining One

Shops:
D:2 =


Innate Abilities, Weirdness & Mutations

((You are very nimble when in or above water. (Stealth+, EV+, Speed+++)))
Your lower body shifts to a powerful aquatic tail in water.


Message History

You are too injured to fight recklessly!
You are too injured to fight recklessly!
You are too injured to fight recklessly!
You are too injured to fight recklessly!
You are too injured to fight recklessly!
You are too injured to fight recklessly!
You are too injured to fight recklessly!
You are too injured to fight recklessly!
You are too injured to fight recklessly!
You are too injured to fight recklessly!
Okay, then.
You gain the combat prowess of a mighty hero.
You can no longer speed up your combat.
You puncture the two-headed ogre!
The two-headed ogre is moderately wounded.
The two-headed ogre hits you with a +0 dire flail!!
* * * LOW HITPOINT WARNING * * *
The two-headed ogre hits you with a +0 giant club!
* * * LOW HITPOINT WARNING * * *
You puncture the two-headed ogre!
The two-headed ogre is heavily wounded.
You barely miss the two-headed ogre.
The two-headed ogre is heavily wounded.
You hit the two-headed ogre.
The two-headed ogre is severely wounded.
The two-headed ogre closely misses you. You block the two-headed ogre's attack.
You barely miss the two-headed ogre.
The two-headed ogre is severely wounded.
You hit the two-headed ogre.
The two-headed ogre is severely wounded.
The two-headed ogre completely misses you.
You block the two-headed ogre's attack.
You hit the two-headed ogre but do no damage.
The two-headed ogre is severely wounded.
You puncture the two-headed ogre!
The two-headed ogre is almost dead.
The two-headed ogre hits you with a +0 dire flail!
* * * LOW HITPOINT WARNING * * *
The two-headed ogre hits you with a +0 giant club!
You die...

#....#.YY..###
#....+Y.......
#....#........
#.......≈≈≈≈≈≈
#....##.≈.....
##....# .≈)≈§≈≈
#.....# .≈.§...
#....O##.≈.≈._§
#....@...≈.≈...
#........≈.≈.≈≈
+..##†##.≈.....
#.. #.# .≈≈≈≈
#..+...# ....
#. #...+ ...
#...# ... #...#
#####


You could see a two-headed ogre.

Vanquished Creatures
  A two-headed ogre (D:9)
  Pikel (D:6)
  Maurice (D:8)
  Joseph (D:8)
  Psyche (D:9)
  Maggie (D:8)
  Grinder (D:5)
  Sigmund (D:6)
  16 yaks
  Eustachio (D:4)
  A wyvern (D:9)
  A steam dragon (D:8)
  Menkaure (D:6)
  Edmund (D:5)
  A water moccasin (D:7)
  A black bear (D:8)
  4 sky beasts
  An ice beast (D:10)
  An orc warrior (D:9)
  An ogre (D:3)
  A wolf (D:10)
  3 bullfrogs
  4 scorpions
  5 wights (D:7)
  7 killer bees (D:7)
  2 howler monkeys
  5 crimson imps
  3 hounds
  3 jellies
  2 orc priests
  Crazy Yiuf (D:7)
  3 iguanas
  4 sleepcaps
  6 orc wizards
  7 adders
  3 white imps
  An ufetubus (D:5)
  A worm (D:5)
  A dart slug (D:2)
  22 orcs
  6 endoplasms
  2 giant cockroaches
  7 goblins
  4 hobgoblins
  2 jackals (D:4)
  7 kobolds
  5 quokkas
  4 ball pythons
  A bat (D:1)
  5 frilled lizards
  6 rats
171 creatures vanquished.

Notes
Turn   | Place    | Note
-------+----------+-------------------------------------------
     0 | D:1      | vineage the Merfolk Fighter began the quest for the Orb.
     0 | D:1      | Reached XP level 1. HP: 18/18 MP: 1/1
   300 | D:1      | Reached XP level 2. HP: 24/24 MP: 2/2
   514 | D:1      | Got Sif Muna's Omnibus of Heavy Haze
   666 | D:1      | Reached skill level 1 in Dodging
   938 | D:2      | Found Sepsosko's Jewellery Boutique.
   984 | D:2      | Reached XP level 3. HP: 22/30 MP: 3/3
  1433 | D:3      | Found a faded altar of an unknown god.
  1467 | D:3      | Reached skill level 4 in Fighting
  1467 | D:3      | Reached XP level 4. HP: 19/37 MP: 4/4
  1554 | D:3      | Found a blossoming altar of Fedhas.
  1607 | D:3      | Noticed an ogre
  1612 | D:3      | Killed an ogre
  1613 | D:3      | Reached XP level 5. HP: 22/43 MP: 5/5
  1722 | D:3      | Found an ancient bone altar of Kikubaaqudgha.
  2046 | D:3      | Found a burning altar of Makhleb.
  2046 | D:3      | Noticed a blizzard demon
  2310 | D:4      | Found a sacrificial altar of Ru.
  2322 | D:4      | Reached XP level 6. HP: 35/50 MP: 6/6
  2395 | D:4      | Identified the +9 short sword of Glory {freeze, Drain rElec
                  | rC+ Dex+3}
  2453 | D:4      | Reached skill level 5 in Fighting
  2922 | D:4      | Got the Lectures on the Shifting Nimbus
  2977 | D:4      | Noticed Eustachio
  3045 | D:4      | Killed Eustachio
  3046 | D:4      | Reached XP level 7. HP: 56/56 MP: 7/7
  3132 | D:5      | Entered Level 5 of the Dungeon
  3143 | D:5      | Reached skill level 5 in Polearms
  3266 | D:5      | Noticed Grinder
  3288 | D:5      | Paralysed by Grinder for 2 turns
  3296 | D:5      | Killed Grinder
  3297 | D:5      | Reached skill level 6 in Fighting
  3653 | D:5      | Reached XP level 8. HP: 65/65 MP: 8/8
  3847 | D:5      | Noticed Edmund
  3865 | D:5      | Killed Edmund
  4218 | D:5      | Found a shimmering altar of Xom.
  4232 | D:5      | Reached skill level 7 in Fighting
  4603 | D:5      | Reached skill level 5 in Dodging
  4603 | D:5      | Reached skill level 5 in Shields
  4815 | D:6      | Noticed Sigmund
  4842 | D:6      | Killed Sigmund
  5085 | D:6      | Reached XP level 9. HP: 74/74 MP: 9/9
  5145 | D:6      | Noticed Pikel
  5200 | D:6      | Killed Pikel
  5201 | D:6      | Reached skill level 8 in Fighting
  5352 | D:6      | You fall into a shaft and drop 1 floor!
  5800 | D:7      | Found a staircase to the Ecumenical Temple.
  5815 | Temple   | Entered the Ecumenical Temple
  6251 | D:6      | Noticed Menkaure
  6268 | D:6      | Killed Menkaure
  6530 | D:6      | Found a snail-covered altar of Cheibriados.
  6531 | D:6      | Found an iron altar of Okawaru.
  6535 | D:6      | Became a worshipper of Warmaster Okawaru
  6994 | D:7      | Found a runed translucent door.
  6995 | D:7      | Noticed Crazy Yiuf
  7104 | D:7      | Reached skill level 9 in Fighting
  7654 | D:7      | Reached * piety under Okawaru
  7828 | D:7      | Reached XP level 10. HP: 75/83 MP: 10/10
  8032 | D:7      | Killed Crazy Yiuf
  8190 | D:8      | Noticed Joseph
  8190 | D:8      | Noticed Maggie
  8215 | D:8      | Killed Joseph
  8225 | D:8      | Killed Maggie
  8226 | D:8      | Reached skill level 5 in Armour
  8387 | D:8      | Reached ** piety under Okawaru
  8525 | D:8      | Reached skill level 10 in Fighting
  8615 | D:8      | Noticed Maurice
  8638 | D:8      | Killed Maurice
  8896 | D:8      | Found a bloodstained altar of Trog.
  8920 | D:8      | Found a sparkling altar of Nemelex Xobeh.
  8941 | D:8      | Found a hazy altar of Hepliaklqana.
  9569 | D:9      | Found a radiant altar of Vehumet.
  9644 | D:9      | Reached skill level 1 in Invocations
  9804 | D:9      | Reached *** piety under Okawaru
  9826 | D:9      | Reached XP level 11. HP: 30/92 MP: 9/12
  9842 | D:9      | HP: 1/92 [yak (12)]
 10531 | D:9      | Noticed Psyche
 10548 | D:9      | Killed Psyche
 10549 | D:9      | Reached skill level 11 in Fighting
 10576 | D:9      | Noticed a two-headed ogre
 10585 | D:9      | Killed a two-headed ogre
 10984 | D:10     | Entered Level 10 of the Dungeon
 10989 | D:10     | Found a basalt altar of Yredelemnul.
 11041 | D:10     | Reached **** piety under Okawaru
 11076 | D:10     | Noticed a two-headed ogre
 11094 | D:10     | HP: 1/93 [two-headed ogre/+0 dire flail (8)]
 11094 | D:10     | Mangled by a two-headed ogre

Illustrated notes

Levels and vault maps discovered:
D:1:      minmay_arrival_loop, layout_loops_corners
D:2:      layout_rooms, serial_shops, shop
D:3:      layout_loops_ring, makhleb_altar_promises_db,
          mainiacjoe_overflow_24_doors, mainiacjoe_overflow_alcove_4,
          dreamdust_ecumenical_altar_statues, minmay_misc_feat_enclosed,
          kennysheep_decorative_pillar, chequers_serial_rivers_large_b
D:4:      layout_loops_ring, mainiacjoe_overflow_boulevard, minivault_27,
          minmay_fire_ice_demons, uniq_eustachio
D:5:      layout_basic, led_xom_imps, nicolae_letterblocks
          [nicolae_letter_subblock, nicolae_letter_subblock,
          nicolae_letter_subblock, nicolae_letter_subblock,
          nicolae_letter_subblock, nicolae_letter_subblock,
          nicolae_letter_subblock, nicolae_letter_subblock,
          nicolae_letter_subblock, nicolae_letter_subblock,
          nicolae_letter_subblock, nicolae_letter_subblock,
          nicolae_letter_subblock, nicolae_letter_subblock,
          nicolae_letter_subblock, nicolae_letter_subblock,
          nicolae_letter_subblock, nicolae_letter_subblock,
          nicolae_letter_subblock, nicolae_letter_subblock,
          nicolae_letter_subblock, nicolae_letter_subblock,
          nicolae_letter_subblock, nicolae_letter_subblock,
          nicolae_letter_subblock], uniq_edmund, uniq_grinder
D:6:      layout_basic, minitemple, gup_sewer_entry_glass, uniq_pikel,
          uniq_sigmund, uniq_menkaure
D:7:      layout_loops_ring, minmay_temple_entry_antechambers,
          uniq_crazy_yiuf_cottage
D:8:      layout_basic, nemelex_diamond_rough_becter,
          lemuel_coloured_pillars_altar, lemuel_doored_altar, uniq_maurice,
          uniq_joseph, uniq_maggie
D:9:      layout_roguey, kennysheep_little_box, uniq_psyche
D:10:     layout_stronghold, mainiacjoe_overflow_concentric_impassable,
          zin_scriptorium, hellmonk_lair_entry_icy, serial_shops,
          nicolae_shop_stone, kennysheep_doodads, uniq_erolcha, uniq_sonja
Temple:   grunt_temple_mini_profane

Skill      XL: |  1  2  3  4  5  6  7  8  9 10 11 |
---------------+----------------------------------+-----
Polearms       | 3 4 5 6 7 9 |  9.5
Dodging        | 1 2 3 4 5 7 8 |  8.8
Fighting       | 4 5 6 7 9 10 11 | 11.3
Armour         | 3 4 5 |  5.7
Shields        | 4 5 6 7 |  7.4
Invocations    | 2 3 |  3.7

Action                     |  1- 3 |  4- 6 |  7- 9 | 10-12 || total
---------------------------+-------+-------+-------+-------++-------
  Melee: Trident           |   123 |   164 |   450 |   277 ||  1014
 Invoke: Heroism           |       |       |       |     3 ||     3
    Use: Scroll            |     1 |     2 |     5 |     4 ||    12
         Potion            |       |     2 |     2 |     2 ||     6
 Armour: Scale mail        |     7 |       |       |       ||     7
         Plate armour      |    69 |   126 |   220 |    96 ||   511
  Dodge: Dodged            |    19 |    32 |   109 |    71 ||   231
  Block: Buckler           |    25 |    38 |    88 |    53 ||   204

Table legend: (Time is in decaauts)
 A = Elapsed time spent in this place.
 B = Non-inter-level travel time spent in this place.
 C = Inter-level travel time spent in this place.
 D = Time resting spent in this place.
 E = Time spent auto-exploring this place.
 F = Levels seen in this place.
 G = Mean time per level.
                   A        B        C        D        E       F      G
               +--------+--------+--------+--------+--------+-----+--------+
         Total |  11077 |  10644 |    433 |   1321 |   7639 |  11 | 1007.0 |
       Dungeon |  10807 |  10420 |    387 |   1321 |   7418 |  10 | 1080.7 |
        Temple |    270 |    224 |     46 |      0 |    221 |   1 |  270.0 |
               +--------+--------+--------+--------+--------+-----+--------+

Top non-repeatable levels by time:
     D:7: 1761 daAuts
     D:5: 1642 daAuts
     D:9: 1425 daAuts
     D:6: 1365 daAuts
     D:8: 1360 daAuts
     D:1: 939 daAuts
     D:3: 891 daAuts
     D:4: 881 daAuts
     D:2: 436 daAuts
  Temple: 270 daAuts
    D:10: 100 daAuts
